 Dungeon Crawl Stone Soup version 0.29.0-4-gdea44cf6ec (webtiles) character file.

Game seed: 16363308495460850864

145563 qw the Warrior (level 16, -2/160 HPs)
             Began as a Minotaur Berserker on Sept 4, 2022.
             Was an Elder of Trog.
             Slain by a five-headed hydra (5 damage)
             ... on level 1 of the Swamp.
             The game lasted 00:11:35 (33676 turns).

qw the Warrior (Minotaur Berserker)                Turns: 33676, Time: 00:11:36

Health: -2/160     AC: 26    Str: 29    XL:     16   Next: 87%
Magic:  15/15      EV: 13    Int:  5    God:    Trog [****..]
Gold:   990        SH: 16    Dex: 18    Spells: 15/15 levels left

rFire   + . .      SeeInvis +   o - +2 hand axe (flame)
rCold   + + .      Faith    .   v - +2 kite shield {rC+ rF+}
rNeg    + . .      Spirit   .   B - +2 plate armour {rC+}
rPois   +          Reflect  .   (helmet restricted)
rElec   .          Harm     .   u - +1 cloak "Giqattus" {Str-3 Int+4 SInv}
rCorr   .          Rampage  .   c - +0 pair of gloves
Will    +....                   p - +0 pair of boots
Stlth   ..........              j - amulet of regeneration
HPRegen 1.16/turn               A - ring "Rawudysoko" {rPois rN+ Dex+5}
MPRegen 0.14/turn               m - ring of Ottoxott {AC+4 Dex+2}

@: about to teleport, marked, corroded, on berserk cooldown, slowed, very slow
A: horns 2, retaliatory headbutt, hooves 1, dopey 1, strong 1
a: Renounce Religion, Berserk, Trog's Hand, Brothers in Arms


You were on level 1 of the Swamp.
You worshipped Trog.
Trog was greatly pleased with you.
You visited 5 branches of the dungeon, and saw 26 of its levels.
You also visited: Ossuary.

You collected 2496 gold pieces.
You spent 1506 gold pieces at shops.


Innate Abilities, Weirdness & Mutations

You have a pair of horns on your head.
You reflexively headbutt those who attack you in melee.
You have large cloven feet.
You are dopey. (Int -2)
Your muscles are strong. (Str +4, Int/Dex -1)


   Skills:
 - Level 19.0 Fighting
 - Level 18.0 Axes
 - Level 6.0 Throwing
 - Level 17.0 Armour
 + Level 10.4 Dodging
 - Level 16.0 Shields


You had 15 spell levels left.
You didn't know any spells.
Your spell library was empty.

Inventory:

Hand Weapons
 o - a +2 hand axe of flaming (weapon)
 w - a +4 vorpal broad axe
Missiles
 b - 22 boomerangs
 D - a silver boomerang (quivered)
Armour
 c - a +0 pair of gloves (worn)
 p - a +0 pair of boots (worn)
 q - a +0 kite shield of protection
 u - the +1 cloak "Giqattus" (worn) {Str-3 Int+4 SInv}
   (You acquired it on level 7 of the Dungeon)

   Str:       It affects your strength (-3).
   Int:       It affects your intelligence (+4).
   SInv:      It lets you see invisible.
 v - a +2 kite shield of resistance (worn)
 B - a +2 plate armour of cold resistance (worn)
 C - a +0 cloak of stealth
Jewellery
 g - a ring of fire
 j - an amulet of regeneration (around neck)
 m - the ring of Ottoxott (right hand) {AC+4 Dex+2}
   (You found it on level 4 of the Dungeon)

   [ring of protection]

   AC:        It affects your AC (+4).
   Dex:       It affects your dexterity (+2).
 r - a ring of protection from fire
 y - the amulet "Kiuq Asch" {Reflect rF- Int+4 Dex+6 Slay-3 SH+5}
   (You bought it in a shop on level 2 of the Orcish Mines)

   [amulet of reflection]

   It reflects blocked missile attacks.
   Int:       It affects your intelligence (+4).
   Dex:       It affects your dexterity (+6).
   Slay:      It affects your accuracy & damage with ranged weapons and melee
   (-3).
   rF:        It makes you vulnerable to fire.
   SH:        It affects your SH (+5).
 A - the ring "Rawudysoko" (left hand) {rPois rN+ Dex+5}
   (You bought it in a shop on level 2 of the Orcish Mines)

   [ring of poison resistance]

   Dex:       It affects your dexterity (+5).
   rPois:     It protects you from poison.
   rN:        It protects you from negative energy.
 Y - a +4 ring of evasion
Scrolls
 a - 10 scrolls of teleportation
 k - 13 scrolls of identify
Potions
 d - a potion of cancellation
 e - 5 potions of curing
 f - 4 potions of might
 h - 6 potions of mutation
 i - a potion of resistance
 l - a potion of haste
 s - 2 potions of heal wounds

Dungeon Overview and Level Annotations

Branches:
Dungeon (15/15)            Temple (0/1) D:7            Lair (5/5) D:8
  Swamp (1/4) Lair:2        Snake (3/4) Lair:3        Slime (0/5) Lair:4
    Orc (2/2) D:9             Elf (0/3) Orc:2        Vaults (0/5) D:14
 Depths (0/4) D:15        Ossuary (visited)

Altars:
Cheibriados
Dithmenos
Elyvilon
Gozag
Makhleb
Nemelex Xobeh
Okawaru
Qazlal
Ru
Trog
Uskayaw
Yredelemnul
The Shining One

Shops:
D:11 (   Orc:2 [=(*   Snake:2 ?(=

Portals:
Hell: Lair:5

Annotations:
D:5 3 runed translucent doors, qw's ghost, novice TrCA
D:7 4 runed translucent doors, Crazy Yiuf; qw's ghost, novice FoCA
D:11 3 runed translucent doors, qw's ghost, journeyman TrCA
D:15 3 runed translucent doors, SafestHooves's ghost, journeyman CeMo
Snake:1 3 runed translucent doors, qw's ghost, adept TrCA


Message History

A five-headed hydra comes into view.
The five-headed hydra bites you but does no damage.
You block the five-headed hydra's attack.
The five-headed hydra bites you but does no damage.
You block the five-headed hydra's attack.
The five-headed hydra bites you.
The goliath frog hits you but does no damage.
The foxfire is engulfed in spectral mist.
The alligator bites you! You block the alligator's attack.
The foxfire is engulfed in spectral mist.
The spriggan rider hits you from afar with a +0 spear.
The will-o-the-wisp engulfs you but does no damage.
The spriggan druid calls out to the beasts of the wild!
The spriggan druid is engulfed in freezing vapours.
With its final breath, the spriggan druid offers up its power to the beasts of the wild!
The alligator is healed.
The five-headed hydra seems to grow more fierce.
The alligator seems to grow more fierce.
The swamp worm seems to grow more fierce.
The spriggan druid dies!
You hear a splash. x2
33676 ||| READING 11 scrolls of teleportation.
As you read the scroll of teleportation, it crumbles to dust.
You feel strangely unstable.
The foxfire is engulfed in spectral mist. x2
The foxfire hits you. You resist. The foxfire hits you. You resist.
The foxfire dissipates!
The foxfire is engulfed in spectral mist.
The foxfire hits you. You resist.
The bog body gestures at you while chanting.
You feel as though you will be slow longer.
Your two-headed ogre closely misses the spriggan rider.
The spriggan rider blocks your two-headed ogre's attack.
You block the alligator's attack.
The alligator tail-slaps you but does no damage.
You block the five-headed hydra's attack.
The five-headed hydra bites you but does no damage.
You block the five-headed hydra's attack.
The five-headed hydra bites you.
You die...

~¤.~~.7~~~~~~~.7.~~¤~.~
7~~~~7~~~~~7~~777~~~77
7.D...7~~~~¤.77~7777.~
~.i.~~.~~7~.~.~...~7..
7..~007%...¤..^~~..~
7~..00w777~...~~~~..
7¤innw.0.77...~~~~~>
7OD¤t00.77 ...¤~~~~.
77.@v7...$>.~.~~~~~~
77¤¤77.~~¤....~~~¤~
.777 .~.~~~..~~~~~ ..
~~~~~~~~~~~~~ ~~~
~~~¤¤~~~~~~~~ .~~~ ~~~
~~..... ...~~ ~..777.
7~~... .7 ..~ .~.


You could see an alligator (strong, swift), 2 five-headed hydras, a spriggan
rider (distracted, ally target), a spriggan druid, a will-o-the-wisp, a bog
body, 2 swamp worms, a bloated husk and a friendly two-headed ogre (summoned,
berserk).

Vanquished Creatures
  Jorgrun (D:13)
  Agnes (Snake:2)
  Kirke (D:13)
  An orc warlord (Orc:2)
  A very ugly thing (D:15)
  An eleionoma (Swamp:1)
  Azrael (Orc:2)
  A bunyip (Swamp:1)
  A dire elephant (Lair:5)
  3 vault guards (D:14)
  2 rakshasas
  Josephine (Orc:1)
  9 hydras
  Harold (D:11)
  A salamander tyrant (Snake:3)
  A catoblepas (Lair:1)
  5 boulder beetles
  A death knight (D:15)
  5 naga warriors (Snake:3)
  6 centaur warriors
  8 anacondas
  A two-headed ogre (shapeshifter) (D:15)
  4 two-headed ogres
  2 tengu warriors (D:12)
  6 orc high priests (Orc:2)
  4 death yaks (Lair:4)
  8 shock serpents
  A sun demon (Lair:5)
  Amaemon (Lair:2)
  2 sea snakes (Snake:2)
  A salamander mystic (Snake:3)
  6 naga ritualists
  A bog body (Swamp:1)
  2 wizards
  A glowing orange brain (D:15)
  3 orc knights (Orc:1)
  8 ugly things
  4 deep elf pyromancers
  12 mana vipers
  5 orc sorcerers
  2 manticores
  3 cyclopes
  5 salamanders
  13 elephants
  6 naga magi
  A guardian serpent (Snake:3)
  29 black mambas
  Maurice (Orc:2)
  Joseph (D:9)
  A gargoyle (D:11)
  7 cane toads
  3 efreet
  An unseen horror (D:11)
  2 orange demons
  3 rime drakes (Lair:5)
  7 komodo dragons
  Psyche (D:11)
  A hellwing (Lair:5)
  4 ice devils
  2 red devils (Lair:5)
  5 hornets
  4 trolls
  A queen bee (shapeshifter) (D:14)
  7 polar bears
  Prince Ribbit (D:7)
  5 dream sheep (Lair:4)
  6 slime creatures
  15 blink frogs
  Sigmund (D:3)
  9 wraiths
  2 wyverns
  8 spriggans
  2 vampires
  44 yaks
  A centaur simulacrum (D:14)
  6 hogs (D:13)
  2 water elementals (D:14)
  2 shadows
  2 fire elementals (Orc:2)
  5 basilisks
  A steam dragon (D:9)
  8 humans (D:14)
  10 vampire mosquitoes
  2 wargs
  22 nagas
  Edmund (D:4)
  3 swamp worms (Swamp:1)
  2 acid dragons
  21 water moccasins
  7 hell hounds
  29 orc warriors
  3 ice beasts
  4 black bears
  3 sky beasts
  48 wolves
  10 centaurs
  5 ogres
  A phantom (D:6)
  2 kobold brigands
  13 bullfrogs
  4 scorpions
  A gnoll sergeant (D:12)
  A necrophage (D:4)
  5 wights (D:8)
  15 killer bees
  A howler monkey (D:4)
  5 centaur zombies (Ossuary)
  A hound (D:5)
  A jelly (D:5)
  10 orc priests
  2 gnoll boudas
  Natasha (thrice) (D:2)
  27 orc wizards
  4 hell rats (Lair:1)
  6 mummies (Ossuary)
  Robin (D:2)
  5 adders
  14 gnolls
  A shadow imp (D:6)
  2 white imps
  2 ufetubi
  A dart slug (D:1)
  3 worms
  65 orcs
  9 bats
  5 endoplasms
  5 giant cockroaches
  15 goblins
  12 hobgoblins
  11 jackals
  3 quokkas
  8 ball pythons
  3 frilled lizards (D:2)
  2 hobgoblin zombies (Ossuary)
  11 kobolds
  6 rats
810 creatures vanquished.

Vanquished Creatures (collateral kills)
  2 hydras
  A ghost crab (Swamp:1)
  An orc sorcerer (Orc:2)
  An oklob plant (Lair:4)
  An elephant (Lair:5)
  A gargoyle (D:11)
  A rime drake (Lair:5)
  5 blink frogs
  A polar bear (Lair:5)
  A spriggan (Lair:1)
  A warg (Orc:2)
  3 orc warriors (Orc:2)
  An ogre (Orc:2)
  A centaur (D:13)
21 creatures vanquished.

Vanquished Creatures (others)
  An eleionoma (Swamp:1)
  An alligator (Swamp:1)
  A spriggan druid (Swamp:1)
  2 bloated husks (Swamp:1)
  A human (D:14)
  7 foxfires (Swamp:1)
  88 fungi
  86 plants
187 creatures vanquished.

Grand Total: 1018 creatures vanquished

Notes
Turn   | Place    | Note
-------+----------+-------------------------------------------
     0 | D:1      | qw the Minotaur Berserker began the quest for the Orb.
     0 | D:1      | Reached XP level 1. HP: 19/19 MP: 0/0
     0 | D:1      | 0 ||| qw: Version: 0.1-a-103-gd6f5d3a
     0 | D:1      | 0 ||| qw: Game counter: 5451
     0 | D:1      | 0 ||| qw: Always use a shield: true
     0 | D:1      | 0 ||| qw: Do Orc after D:15 true
     0 | D:1      | 0 ||| qw: Do second Lair branch before Depths: true
     0 | D:1      | 0 ||| qw: Lair rune preference: random
     0 | D:1      | 0 ||| qw: Plans: Normal
     0 | D:1      | 0 ||| PLANNING D:1-11
    26 | D:1      | 26 ||| Stepping ~*~*~tactically~*~*~ (hiding).
    27 | D:1      | 27 ||| Stepping ~*~*~tactically~*~*~ (hiding).
    29 | D:1      | 29 ||| Stepping ~*~*~tactically~*~*~ (hiding).
   166 | D:1      | Found a faded altar of an unknown god.
   168 | D:1      | 168 ||| Stepping ~*~*~tactically~*~*~ (stealth).
   169 | D:1      | 169 ||| Stepping ~*~*~tactically~*~*~ (stealth).
   174 | D:1      | Reached XP level 2. HP: 23/26 MP: 1/1
   481 | D:1      | 481 ||| Stepping ~*~*~tactically~*~*~ (stealth).
   491 | D:1      | 491 ||| Stepping ~*~*~tactically~*~*~ (stealth).
   499 | D:1      | 499 ||| Stepping ~*~*~tactically~*~*~ (stealth).
   501 | D:1      | 501 ||| Stepping ~*~*~tactically~*~*~ (stealth).
   548 | D:1      | 548 ||| Stepping ~*~*~tactically~*~*~ (stealth).
   552 | D:1      | 552 ||| INVOKING Berserk.
   554 | D:1      | Reached XP level 3. HP: 31/31 MP: 2/2
   761 | D:1      | 761 ||| UPGRADING to +0 ring mail.
   771 | D:1      | 771 ||| DROPPING +0 animal skin.
   772 | D:1      | 772 ||| DROPPING ring of flight.
   773 | D:1      | 773 ||| READING scroll labelled HYNKYV VAOR.
   774 | D:1      | 774 ||| READING scroll labelled RILATZ DOTUGO.
   775 | D:1      | 775 ||| READING scroll labelled YGHOCH GAON.
   776 | D:1      | 776 ||| READING scroll labelled YSHRIS ZEPHARGH.
   956 | D:2      | Reached ** piety under Trog
  1029 | D:2      | 1029 ||| Stepping ~*~*~tactically~*~*~ (stealth).
  1034 | D:2      | 1034 ||| Stepping ~*~*~tactically~*~*~ (stealth).
  1035 | D:2      | 1035 ||| Stepping ~*~*~tactically~*~*~ (stealth).
  1075 | D:2      | 1075 ||| Stepping ~*~*~tactically~*~*~ (stealth).
  1137 | D:2      | 1137 ||| Stepping ~*~*~tactically~*~*~ (stealth).
  1370 | D:2      | Found an iron altar of Okawaru.
  1373 | D:2      | Noticed Natasha
  1374 | D:2      | 1374 ||| Stepping ~*~*~tactically~*~*~ (stealth).
  1375 | D:2      | 1375 ||| Stepping ~*~*~tactically~*~*~ (stealth).
  1415 | D:2      | 1415 ||| INVOKING Berserk.
  1419 | D:2      | Killed Natasha
  1420 | D:2      | Reached skill level 6 in Axes
  1420 | D:2      | Reached XP level 4. HP: 39/39 MP: 3/3
  1665 | D:2      | Noticed Natasha
  1668 | D:2      | 1668 ||| INVOKING Berserk.
  1672 | D:2      | Killed Natasha
  1998 | D:2      | Noticed Natasha
  2002 | D:2      | 2002 ||| INVOKING Berserk.
  2003 | D:2      | Killed Natasha
  2004 | D:2      | Reached XP level 5. HP: 45/45 MP: 4/4
  2116 | D:2      | 2116 ||| UPGRADING to +0 chain mail.
  2126 | D:2      | 2126 ||| DROPPING +0 ring mail.
  2127 | D:2      | 2127 ||| DROPPING orb of mayhem.
  2128 | D:2      | 2128 ||| READING scroll labelled FONAESHAYRCH.
  2129 | D:2      | 2129 ||| READING scroll labelled YSELUC LUESEUD.
  2133 | D:2      | 2133 ||| DRINKING 2 sedimented sapphire potions.
  2134 | D:2      | 2134 ||| DRINKING 2 metallic puce potions.
  2135 | D:2      | 2135 ||| DROPPING potion of attraction.
  2161 | D:3      | Noticed Robin
  2162 | D:3      | 2162 ||| STAIRDANCE
  2164 | D:2      | 2164 ||| INVOKING Berserk.
  2165 | D:2      | Killed Robin
  2273 | D:3      | 2273 ||| STAIRDANCE
  2303 | D:3      | 2303 ||| STAIRDANCE
  2308 | D:3      | Reached skill level 4 in Fighting
  2308 | D:3      | 2308 ||| STAIRDANCE
  2315 | D:3      | 2315 ||| STAIRDANCE
  2483 | D:3      | Noticed Sigmund
  2484 | D:3      | 2484 ||| Stepping ~*~*~tactically~*~*~ (hiding).
  2489 | D:3      | 2489 ||| Stepping ~*~*~tactically~*~*~ (hiding).
  2489 | D:3      | Found a stormy altar of Qazlal.
  2493 | D:3      | 2493 ||| INVOKING Berserk.
  2508 | D:3      | Killed Sigmund
  2508 | D:3      | Reached *** piety under Trog
  2509 | D:3      | Reached XP level 6. HP: 31/52 MP: 5/5
  2625 | D:3      | Found an iron altar of Okawaru.
  2772 | D:3      | 2772 ||| DROPPING +0 club.
  2817 | D:3      | 2817 ||| Stepping ~*~*~tactically~*~*~ (stealth).
  2898 | D:3      | 2898 ||| Stepping ~*~*~tactically~*~*~ (stealth).
  2902 | D:3      | 2902 ||| INVOKING Berserk.
  3401 | D:3      | 3401 ||| READING scroll labelled QASUH SILANG.
  3402 | D:3      | 3402 ||| READING scroll labelled COALAUDUIL.
  3403 | D:3      | 3403 ||| READING scroll labelled JEOCZU ZEIKHLUN.
  3404 | D:3      | 3404 ||| Stepping randomly (stuck).
  3405 | D:3      | 3405 ||| Stepping ~*~*~tactically~*~*~ (cloud).
  3595 | D:4      | 3595 ||| PLANNING OSSUARY
  3680 | D:4      | Reached skill level 9 in Axes
  3752 | D:4      | Found a sand-covered staircase.
  3760 | Ossuary  | Entered an ossuary
  3767 | Ossuary  | 3767 ||| INVOKING Berserk.
  3769 | Ossuary  | Reached XP level 7. HP: 34/60 MP: 6/6
  3776 | Ossuary  | Reached skill level 5 in Fighting
  3782 | Ossuary  | Reached skill level 3 in Armour
  4008 | Ossuary  | 4008 ||| INVOKING Berserk.
  4009 | Ossuary  | HP: 20/91 [mummy (15)]
  4271 | Ossuary  | 4271 ||| READING scroll labelled WINATU VAIROH.
  4272 | Ossuary  | 4272 ||| READING scroll labelled QIWYUSMUKKI.
  4273 | Ossuary  | 4273 ||| READING scroll labelled HIBUCV GAHEL.
  4273 | Ossuary  | Identified a scroll of acquirement
  4273 | Ossuary  | 4273 ||| ACQUIRING ring of protection from cold
  4273 | Ossuary  | Acquired a ring of protection from cold
  4275 | Ossuary  | 4275 ||| UPGRADING to ring of protection from cold.
  4284 | D:4      | 4284 ||| PLANNING D:1-11
  4330 | D:4      | 4330 ||| INVOKING Berserk.
  4335 | D:4      | Noticed a +0 hand axe
  4340 | D:4      | Noticed a +0 dagger
  4447 | D:4      | Found a hide-covered altar of Uskayaw.
  4449 | D:4      | Identified the ring of Ottoxott {AC+4 Dex+2}
  4505 | D:4      | Found a white marble altar of Elyvilon.
  4823 | D:4      | Found a basalt altar of Yredelemnul.
  4918 | D:4      | Noticed Edmund
  4919 | D:4      | 4919 ||| Stepping ~*~*~tactically~*~*~ (stealth).
  4922 | D:4      | 4922 ||| Stepping ~*~*~tactically~*~*~ (stealth).
  4927 | D:4      | 4927 ||| INVOKING Berserk.
  4932 | D:4      | Killed Edmund
  4933 | D:4      | Reached skill level 6 in Fighting
  5062 | D:4      | 5062 ||| DROPPING +0 whip.
  5236 | D:4      | Found an opulent altar of Gozag.
  5295 | D:4      | Reached XP level 8. HP: 71/71 MP: 7/7
  5377 | D:4      | 5377 ||| UPGRADING to +0 pair of gloves.
  5382 | D:4      | 5382 ||| UPGRADING to ring of Ottoxott {AC+4 Dex+2}.
  5383 | D:4      | 5383 ||| DRINKING 2 bubbling dark potions.
  5383 | D:4      | Gained mutation: You are dopey. (Int -2) [potion of
                  | mutation]
  5383 | D:4      | Gained mutation: Your muscles are strong. (Str +4, Int/Dex
                  | -1) [potion of mutation]
  5383 | D:4      | Gained mutation: You have large cloven feet. [potion of
                  | mutation]
  5410 | D:5      | Entered Level 5 of the Dungeon
  5479 | D:5      | 5479 ||| Stepping ~*~*~tactically~*~*~ (stealth).
  5588 | D:5      | Found a runed translucent gate.
  5588 | D:5      | Found a runed translucent gate.
  5588 | D:5      | Found a runed translucent gate.
  5589 | D:5      | Noticed qw's ghost (novice TrCA)
  5644 | D:5      | 5644 ||| Stepping ~*~*~tactically~*~*~ (stealth).
  5645 | D:5      | 5645 ||| Stepping ~*~*~tactically~*~*~ (stealth).
  5647 | D:5      | 5647 ||| INVOKING Berserk.
  6166 | D:5      | 6166 ||| INVOKING Berserk.
  6184 | D:5      | Reached **** piety under Trog
  6518 | D:5      | 6518 ||| UPGRADING to +0 pair of boots.
  6523 | D:5      | 6523 ||| READING scroll labelled KEBYGEQYLI.
  6681 | D:5      | 6681 ||| DRINKING 2 amethyst potions.
  6681 | D:5      | Lost intelligence.
  6685 | D:5      | 6685 ||| DROPPING potion of degeneration.
  6778 | D:6      | 6778 ||| Stepping ~*~*~tactically~*~*~ (hiding).
  6785 | D:6      | 6785 ||| Stepping ~*~*~tactically~*~*~ (hiding).
  6843 | D:6      | 6843 ||| Stepping ~*~*~tactically~*~*~ (stealth).
  6846 | D:6      | 6846 ||| Stepping ~*~*~tactically~*~*~ (stealth).
  6856 | D:6      | 6856 ||| SWAPPING to +2 vampiric hand axe.
  6857 | D:6      | 6857 ||| DROPPING +1 hand axe.
  6893 | D:6      | 6893 ||| INVOKING Berserk.
  7015 | D:6      | 7015 ||| Stepping ~*~*~tactically~*~*~ (hiding).
  7018 | D:6      | 7018 ||| INVOKING Berserk.
  7215 | D:6      | Found a shadowy altar of Dithmenos.
  7413 | D:6      | Reached skill level 1 in Throwing
  7454 | D:6      | Reached skill level 12 in Axes
  7500 | D:6      | Found a sparkling altar of Nemelex Xobeh.
  7500 | D:6      | Found a glowing golden altar of the Shining One.
  7501 | D:6      | Found a snail-covered altar of Cheibriados.
  7704 | D:6      | Reached skill level 7 in Fighting
  7748 | D:6      | 7748 ||| DROPPING +1 whip of venom.
  7781 | D:6      | 7781 ||| READING scroll labelled PUUTUI SALUDU.
  7782 | D:6      | 7782 ||| DRINKING 2 murky emerald potions.
  7783 | D:6      | 7783 ||| DROPPING potion of flight.
  7801 | D:7      | Reached XP level 9. HP: 75/79 MP: 8/8
  7839 | D:7      | Noticed Prince Ribbit
  7842 | D:7      | 7842 ||| STAIRDANCE
  7888 | D:7      | 7888 ||| STAIRDANCE
  7895 | D:7      | 7895 ||| INVOKING Berserk.
  7904 | D:7      | Killed Prince Ribbit
  7905 | D:7      | 7905 ||| STAIRDANCE
  8003 | D:7      | Reached skill level 3 in Dodging
  8008 | D:7      | Reached skill level 8 in Fighting
  8043 | D:7      | Found a runed translucent gate.
  8206 | D:7      | Found a staircase to the Ecumenical Temple.
  8245 | D:7      | 8245 ||| READING scroll of acquirement.
  8245 | D:7      | 8245 ||| ACQUIRING +1 cloak "Giqattus" {Str-3 Int+4 SInv}
  8245 | D:7      | Acquired the +1 cloak "Giqattus" {Str-3 Int+4 SInv}
  8247 | D:7      | 8247 ||| UPGRADING to +1 cloak "Giqattus" {Str-3 Int+4
                  | SInv}.
  8295 | D:7      | 8295 ||| Stepping ~*~*~tactically~*~*~ (stealth).
  8429 | D:7      | Found a runed translucent gate.
  8430 | D:7      | Noticed qw's ghost (novice FoCA)
  8431 | D:7      | Found a runed translucent gate.
  8473 | D:7      | Reached skill level 6 in Armour
  8621 | D:7      | Found a runed translucent door.
  8622 | D:7      | Noticed Crazy Yiuf
  8752 | D:7      | 8752 ||| UPGRADING to +6 ring of strength.
  8754 | D:7      | 8754 ||| DROPPING ring of protection from cold.
  8755 | D:7      | 8755 ||| READING scroll labelled ETUP QECSUNGO.
  8756 | D:7      | 8756 ||| DRINKING 2 sedimented ruby potions.
  8757 | D:7      | 8757 ||| DRINKING 2 viscous dark potions.
  8858 | D:7      | 8858 ||| DROPPING potion of brilliance.
  8859 | D:7      | 8859 ||| DROPPING potion of ambrosia.
  8935 | D:8      | Noticed an efreet
  8937 | D:8      | 8937 ||| FLEEEEING.
  8938 | D:8      | 8938 ||| FLEEEEING.
  8939 | D:8      | 8939 ||| FLEEEEING.
  8945 | D:8      | 8945 ||| FLEEEEING.
  8964 | D:8      | 8964 ||| INVOKING Berserk.
  8966 | D:8      | Killed an efreet
  9129 | D:8      | 9129 ||| FLEEEEING.
  9130 | D:8      | 9130 ||| FLEEEEING.
  9131 | D:8      | 9131 ||| FLEEEEING.
  9132 | D:8      | 9132 ||| FLEEEEING.
  9133 | D:8      | 9133 ||| FLEEEEING.
  9134 | D:8      | 9134 ||| FLEEEEING.
  9136 | D:8      | 9136 ||| FLEEEEING.
  9137 | D:8      | 9137 ||| STAIRDANCE
  9391 | D:8      | 9391 ||| Stepping ~*~*~tactically~*~*~ (stealth).
  9395 | D:8      | 9395 ||| Stepping ~*~*~tactically~*~*~ (hiding).
  9401 | D:8      | 9401 ||| INVOKING Berserk.
  9416 | D:8      | Reached XP level 10. HP: 90/90 MP: 9/9
  9429 | D:8      | Reached skill level 9 in Fighting
  9533 | D:8      | 9533 ||| DROPPING +1 vorpal flail.
  9551 | D:8      | Noticed a boulder beetle
  9553 | D:8      | 9553 ||| INVOKING Berserk.
  9558 | D:8      | Noticed a five-headed hydra
  9568 | D:8      | Killed an 11-headed hydra
  9569 | D:8      | Killed a boulder beetle
  9770 | D:8      | Identified the +1 ring mail of Modesty {rElec Str+5}
  9772 | D:8      | Identified the +2 morningstar "Goblinslayer" {freeze, rN+
                  | rCorr MP+9 Int-4}
  9774 | D:8      | 9774 ||| DROPPING +0 morningstar.
  9775 | D:8      | Identified the +0 chain mail of the Zebra {-Cast rN+ rCorr}
  9802 | D:8      | 9802 ||| Stepping ~*~*~tactically~*~*~ (stealth).
  9809 | D:8      | 9809 ||| Stepping ~*~*~tactically~*~*~ (stealth).
  9824 | D:8      | 9824 ||| INVOKING Berserk.
  9826 | D:8      | Reached skill level 10 in Fighting
 10009 | D:8      | 10009 ||| Stepping ~*~*~tactically~*~*~ (hiding).
 10061 | D:8      | 10061 ||| FLEEEEING.
 10129 | D:8      | 10129 ||| SWAPPING to +5 war axe.
 10130 | D:8      | 10130 ||| DROPPING +2 vampiric hand axe.
 10172 | D:8      | 10172 ||| Stepping ~*~*~tactically~*~*~ (stealth).
 10175 | D:8      | 10175 ||| FLEEEEING.
 10176 | D:8      | 10176 ||| FLEEEEING.
 10177 | D:8      | 10177 ||| FLEEEEING.
 10178 | D:8      | 10178 ||| FLEEEEING.
 10180 | D:8      | 10180 ||| FLEEEEING.
 10181 | D:8      | 10181 ||| FLEEEEING.
 10182 | D:8      | 10182 ||| FLEEEEING.
 10191 | D:8      | 10191 ||| FLEEEEING.
 10192 | D:8      | 10192 ||| FLEEEEING.
 10193 | D:8      | 10193 ||| FLEEEEING.
 10194 | D:8      | 10194 ||| FLEEEEING.
 10206 | D:8      | Reached ***** piety under Trog
 10287 | D:8      | 10287 ||| Stepping ~*~*~tactically~*~*~ (stealth).
 10290 | D:8      | 10290 ||| Stepping ~*~*~tactically~*~*~ (stealth).
 10291 | D:8      | 10291 ||| Stepping ~*~*~tactically~*~*~ (stealth).
 10294 | D:8      | 10294 ||| Stepping ~*~*~tactically~*~*~ (stealth).
 10365 | D:8      | Found a staircase to the Lair.
 10392 | D:8      | 10392 ||| Stepping ~*~*~tactically~*~*~ (hiding).
 10397 | D:8      | 10397 ||| INVOKING Berserk.
 10406 | D:8      | Reached skill level 15 in Axes
 10406 | D:8      | Found a bloodstained altar of Trog.
 10414 | D:8      | Reached XP level 11. HP: 97/101 MP: 10/10
 10723 | D:8      | Found a sacrificial altar of Ru.
 10801 | D:8      | 10801 ||| PLANNING LAIR
 10801 | D:8      | 10801 ||| UPGRADING to +0 chain mail of the Zebra {-Cast
                  | rN+ rCorr}.
 10811 | D:8      | 10811 ||| DROPPING +0 chain mail.
 10812 | D:8      | 10812 ||| DROPPING +1 ring mail of Modesty {rElec Str+5}.
 10813 | D:8      | 10813 ||| DRINKING 2 murky purple potions.
 10814 | D:8      | 10814 ||| DRINKING 2 blue potions.
 10842 | D:8      | 10842 ||| DROPPING potion of lignification.
 10868 | Lair:1   | Entered Level 1 of the Lair of Beasts
 11114 | Lair:1   | 11114 ||| Stepping ~*~*~tactically~*~*~ (stealth).
 11118 | Lair:1   | 11118 ||| INVOKING Berserk.
 11140 | Lair:1   | 11140 ||| Stepping ~*~*~tactically~*~*~ (stealth).
 11182 | Lair:1   | 11182 ||| Stepping ~*~*~tactically~*~*~ (stealth).
 11189 | Lair:1   | 11189 ||| Stepping ~*~*~tactically~*~*~ (stealth).
 11193 | Lair:1   | 11193 ||| Stepping ~*~*~tactically~*~*~ (stealth).
 11195 | Lair:1   | 11195 ||| Stepping ~*~*~tactically~*~*~ (stealth).
 11196 | Lair:1   | 11196 ||| Stepping ~*~*~tactically~*~*~ (stealth).
 11202 | Lair:1   | 11202 ||| Stepping ~*~*~tactically~*~*~ (stealth).
 11203 | Lair:1   | Noticed a catoblepas
 11204 | Lair:1   | 11204 ||| Stepping ~*~*~tactically~*~*~ (cloud).
 11205 | Lair:1   | 11205 ||| Stepping ~*~*~tactically~*~*~ (hiding).
 11206 | Lair:1   | 11206 ||| INVOKING Brothers in Arms.
 11207 | Lair:1   | 11207 ||| INVOKING Brothers in Arms.
 11208 | Lair:1   | 11208 ||| INVOKING Brothers in Arms.
 11209 | Lair:1   | 11209 ||| INVOKING Brothers in Arms.
 11210 | Lair:1   | 11210 ||| INVOKING Berserk.
 11214 | Lair:1   | Killed a catoblepas
 11215 | Lair:1   | Reached skill level 11 in Fighting
 11286 | Lair:1   | 11286 ||| Stepping ~*~*~tactically~*~*~ (hiding).
 11287 | Lair:1   | 11287 ||| Stepping ~*~*~tactically~*~*~ (hiding).
 11317 | Lair:1   | 11317 ||| INVOKING Berserk.
 11324 | Lair:1   | Reached skill level 9 in Armour
 11381 | Lair:1   | 11381 ||| Stepping ~*~*~tactically~*~*~ (stealth).
 11437 | Lair:1   | 11437 ||| Stepping ~*~*~tactically~*~*~ (stealth).
 11449 | Lair:1   | 11449 ||| Stepping ~*~*~tactically~*~*~ (stealth).
 11457 | Lair:1   | 11457 ||| Stepping ~*~*~tactically~*~*~ (stealth).
 11683 | Lair:1   | Reached skill level 12 in Fighting
 11845 | Lair:1   | 11845 ||| Stepping ~*~*~tactically~*~*~ (stealth).
 11847 | Lair:1   | 11847 ||| Stepping ~*~*~tactically~*~*~ (stealth).
 11860 | Lair:1   | 11860 ||| INVOKING Berserk.
 11912 | Lair:1   | 11912 ||| Stepping ~*~*~tactically~*~*~ (stealth).
 11913 | Lair:1   | 11913 ||| Stepping ~*~*~tactically~*~*~ (stealth).
 11914 | Lair:1   | 11914 ||| Stepping ~*~*~tactically~*~*~ (stealth).
 12230 | Lair:1   | 12230 ||| DRINKING 2 bubbling coppery potions.
 12253 | Lair:2   | 12253 ||| INVOKING Berserk.
 12376 | Lair:2   | 12376 ||| INVOKING Berserk.
 12554 | Lair:2   | 12554 ||| Stepping ~*~*~tactically~*~*~ (stealth).
 12565 | Lair:2   | Reached skill level 13 in Fighting
 12608 | Lair:2   | Noticed Amaemon
 12611 | Lair:2   | 12611 ||| INVOKING Berserk.
 12616 | Lair:2   | Killed Amaemon
 12617 | Lair:2   | Reached skill level 6 in Dodging
 12617 | Lair:2   | Reached XP level 12. HP: 115/115 MP: 11/11
 12692 | Lair:2   | 12692 ||| INVOKING Berserk.
 12698 | Lair:2   | Reached skill level 3 in Throwing
 12814 | Lair:2   | 12814 ||| DROPPING +2 morningstar "Goblinslayer" {freeze,
                  | rN+ rCorr MP+9 Int-4, mikee}.
 12834 | Lair:2   | Found a staircase to the Swamp.
 12839 | Lair:2   | 12839 ||| INVOKING Berserk.
 13209 | Lair:2   | 13209 ||| INVOKING Berserk.
 13456 | Lair:2   | 13456 ||| READING scroll labelled IKKIW UHUGIYSS.
 13457 | Lair:2   | 13457 ||| READING scroll labelled NIENAFUCANOO.
 13567 | Lair:3   | 13567 ||| FLEEEEING.
 13568 | Lair:3   | 13568 ||| FLEEEEING.
 13584 | Lair:3   | 13584 ||| FLEEEEING.
 13585 | Lair:3   | 13585 ||| FLEEEEING.
 13586 | Lair:3   | 13586 ||| FLEEEEING.
 13588 | Lair:3   | 13588 ||| FLEEEEING.
 13590 | Lair:3   | 13590 ||| FLEEEEING.
 13591 | Lair:3   | 13591 ||| FLEEEEING.
 13598 | Lair:3   | 13598 ||| Stepping ~*~*~tactically~*~*~ (hiding).
 13599 | Lair:3   | 13599 ||| Stepping ~*~*~tactically~*~*~ (hiding).
 13600 | Lair:3   | 13600 ||| Stepping ~*~*~tactically~*~*~ (hiding).
 13605 | Lair:3   | 13605 ||| FLEEEEING.
 13611 | Lair:3   | 13611 ||| STAIRDANCE
 13720 | Lair:3   | Found the +8 Wrath of Trog {antimagic, *Rage Rampage}
 13795 | Lair:3   | Found a staircase to the Snake Pit.
 13852 | Lair:3   | 13852 ||| FLEEEEING.
 14044 | Lair:3   | 14044 ||| Stepping ~*~*~tactically~*~*~ (stealth).
 14047 | Lair:3   | Reached skill level 14 in Fighting
 14339 | Lair:3   | 14339 ||| Stepping ~*~*~tactically~*~*~ (stealth).
 14486 | Lair:3   | 14486 ||| UPGRADING to amulet of regeneration.
 14491 | Lair:3   | 14491 ||| DROPPING amulet of magic regeneration.
 14525 | Lair:4   | 14525 ||| STAIRDANCE
 14559 | Lair:4   | 14559 ||| Stepping ~*~*~tactically~*~*~ (stealth).
 14563 | Lair:4   | 14563 ||| Stepping ~*~*~tactically~*~*~ (stealth).
 14696 | Lair:4   | Noticed a four-headed hydra
 14697 | Lair:4   | 14697 ||| INVOKING Brothers in Arms.
 14699 | Lair:4   | 14699 ||| SWAPPING to -2 demon whip of venom.
 14700 | Lair:4   | 14700 ||| INVOKING Berserk.
 14704 | Lair:4   | Killed a four-headed hydra
 14705 | Lair:4   | Reached skill level 15 in Fighting
 14710 | Lair:4   | 14710 ||| SWAPPING to +5 war axe.
 14826 | Lair:4   | 14826 ||| Stepping ~*~*~tactically~*~*~ (stealth).
 14836 | Lair:4   | 14836 ||| Stepping ~*~*~tactically~*~*~ (hiding).
 14840 | Lair:4   | 14840 ||| INVOKING Berserk.
 14858 | Lair:4   | Reached skill level 12 in Armour
 15022 | Lair:4   | 15022 ||| INVOKING Brothers in Arms.
 15027 | Lair:4   | 15027 ||| INVOKING Berserk.
 15041 | Lair:4   | 15041 ||| INVOKING Brothers in Arms.
 15049 | Lair:4   | Reached XP level 13. HP: 106/127 MP: 12/12
 15205 | Lair:4   | 15205 ||| INVOKING Berserk.
 15343 | Lair:4   | 15343 ||| Stepping ~*~*~tactically~*~*~ (stealth).
 15344 | Lair:4   | 15344 ||| Stepping ~*~*~tactically~*~*~ (stealth).
 15510 | Lair:4   | Found a staircase to the Slime Pits.
 15621 | Lair:4   | 15621 ||| INVOKING Brothers in Arms.
 15624 | Lair:4   | 15624 ||| INVOKING Berserk.
 15638 | Lair:4   | HP: 30/128 [death yak (15)]
 15639 | Lair:4   | 15639 ||| READING 4 scrolls of teleportation.
 15639 | Lair:4   | HP: 12/128 [death yak (19)]
 15640 | Lair:4   | 15640 ||| DRINKING 2 potions of heal wounds.
 15810 | Lair:4   | 15810 ||| INVOKING Berserk.
 15822 | Lair:4   | Reached skill level 16 in Fighting
 16121 | Lair:5   | Entered Level 5 of the Lair of Beasts
 16127 | Lair:5   | 16127 ||| STAIRDANCE
 16136 | Lair:5   | 16136 ||| STAIRDANCE
 16188 | Lair:5   | 16188 ||| INVOKING Berserk.
 16269 | Lair:5   | 16269 ||| INVOKING Brothers in Arms.
 16272 | Lair:5   | 16272 ||| SWAPPING to -2 demon whip of venom.
 16273 | Lair:5   | 16273 ||| INVOKING Berserk.
 16280 | Lair:5   | 16280 ||| SWAPPING to +5 war axe.
 16331 | Lair:5   | 16331 ||| INVOKING Berserk.
 16428 | Lair:5   | 16428 ||| INVOKING Berserk.
 16549 | Lair:5   | 16549 ||| Stepping ~*~*~tactically~*~*~ (stealth).
 16550 | Lair:5   | 16550 ||| Stepping ~*~*~tactically~*~*~ (stealth).
 16556 | Lair:5   | 16556 ||| INVOKING Brothers in Arms.
 16557 | Lair:5   | 16557 ||| INVOKING Berserk.
 16567 | Lair:5   | Reached skill level 17 in Fighting
 16635 | Lair:5   | 16635 ||| Stepping ~*~*~tactically~*~*~ (stealth).
 16660 | Lair:5   | 16660 ||| Stepping ~*~*~tactically~*~*~ (stealth).
 16703 | Lair:5   | 16703 ||| INVOKING Berserk.
 16847 | Lair:5   | 16847 ||| Stepping ~*~*~tactically~*~*~ (stealth).
 16849 | Lair:5   | 16849 ||| Stepping ~*~*~tactically~*~*~ (stealth).
 16850 | Lair:5   | 16850 ||| Stepping ~*~*~tactically~*~*~ (stealth).
 16852 | Lair:5   | 16852 ||| INVOKING Berserk.
 16883 | Lair:5   | 16883 ||| FLEEEEING.
 16884 | Lair:5   | 16884 ||| FLEEEEING.
 16885 | Lair:5   | 16885 ||| FLEEEEING.
 16886 | Lair:5   | 16886 ||| FLEEEEING.
 16887 | Lair:5   | 16887 ||| FLEEEEING.
 16888 | Lair:5   | 16888 ||| FLEEEEING.
 16890 | Lair:5   | 16890 ||| FLEEEEING.
 16891 | Lair:5   | 16891 ||| FLEEEEING.
 16905 | Lair:5   | 16905 ||| Stepping ~*~*~tactically~*~*~ (stealth).
 16908 | Lair:5   | Reached skill level 9 in Dodging
 16912 | Lair:5   | 16912 ||| Stepping ~*~*~tactically~*~*~ (stealth).
 16944 | Lair:5   | 16944 ||| INVOKING Brothers in Arms.
 16945 | Lair:5   | 16945 ||| INVOKING Brothers in Arms.
 16947 | Lair:5   | 16947 ||| SWAPPING to -2 demon whip of venom.
 16948 | Lair:5   | 16948 ||| INVOKING Berserk.
 16956 | Lair:5   | 16956 ||| SWAPPING to +5 war axe.
 17075 | Lair:5   | 17075 ||| Stepping ~*~*~tactically~*~*~ (stealth).
 17088 | Lair:5   | 17088 ||| INVOKING Berserk.
 17224 | Lair:5   | 17224 ||| INVOKING Berserk.
 17355 | Lair:5   | 17355 ||| INVOKING Brothers in Arms.
 17356 | Lair:5   | 17356 ||| INVOKING Brothers in Arms.
 17357 | Lair:5   | 17357 ||| INVOKING Brothers in Arms.
 17358 | Lair:5   | 17358 ||| SWAPPING to -2 demon whip of venom.
 17359 | Lair:5   | 17359 ||| INVOKING Berserk.
 17370 | Lair:5   | 17370 ||| SWAPPING to +5 war axe.
 17417 | Lair:5   | 17417 ||| INVOKING Berserk.
 17636 | Lair:5   | 17636 ||| INVOKING Berserk.
 17670 | Lair:5   | 17670 ||| Stepping ~*~*~tactically~*~*~ (stealth).
 17671 | Lair:5   | 17671 ||| Stepping ~*~*~tactically~*~*~ (stealth).
 17677 | Lair:5   | 17677 ||| Stepping ~*~*~tactically~*~*~ (stealth).
 17695 | Lair:5   | 17695 ||| SWAPPING to -2 demon whip of venom.
 17696 | Lair:5   | 17696 ||| INVOKING Berserk.
 17715 | Lair:5   | Reached XP level 14. HP: 98/141 MP: 13/13
 17715 | Lair:5   | 17715 ||| SWAPPING to +5 war axe.
 18025 | Lair:5   | 18025 ||| INVOKING Berserk.
 18031 | Lair:5   | Reached skill level 18 in Fighting
 18198 | Lair:5   | 18198 ||| Stepping ~*~*~tactically~*~*~ (stealth).
 18201 | Lair:5   | 18201 ||| SWAPPING to -2 demon whip of venom.
 18202 | Lair:5   | 18202 ||| INVOKING Berserk.
 18217 | Lair:5   | 18217 ||| SWAPPING to +5 war axe.
 18335 | Lair:5   | 18335 ||| Stepping ~*~*~tactically~*~*~ (hiding).
 18338 | Lair:5   | 18338 ||| INVOKING Trog's Hand.
 18356 | Lair:5   | Found a burning altar of Makhleb.
 18357 | Lair:5   | 18357 ||| Stepping ~*~*~tactically~*~*~ (hiding).
 18367 | Lair:5   | 18367 ||| INVOKING Berserk.
 18382 | Lair:5   | Found a gateway to Hell.
 18823 | Lair:5   | 18823 ||| PLANNING D:1-11
 18823 | Lair:5   | 18823 ||| UPGRADING to +4 chain mail of willpower.
 18833 | Lair:5   | 18833 ||| DROPPING +0 chain mail of the Zebra {-Cast rN+
                  | rCorr}.
 19021 | D:9      | Reached skill level 15 in Armour
 19089 | D:9      | 19089 ||| Stepping ~*~*~tactically~*~*~ (hiding).
 19139 | D:9      | 19139 ||| Stepping ~*~*~tactically~*~*~ (stealth).
 19142 | D:9      | 19142 ||| Stepping ~*~*~tactically~*~*~ (stealth).
 19430 | D:9      | Noticed Joseph
 19441 | D:9      | Killed Joseph
 19491 | D:9      | 19491 ||| Stepping ~*~*~tactically~*~*~ (hiding).
 19701 | D:9      | Found a staircase to the Orcish Mines.
 19821 | D:9      | 19821 ||| DROPPING ring of positive energy.
 19843 | D:10     | Entered Level 10 of the Dungeon
 19851 | D:10     | 19851 ||| Stepping ~*~*~tactically~*~*~ (stealth).
 19852 | D:10     | 19852 ||| Stepping ~*~*~tactically~*~*~ (stealth).
 19873 | D:10     | 19873 ||| Stepping ~*~*~tactically~*~*~ (stealth).
 19897 | D:10     | 19897 ||| Stepping ~*~*~tactically~*~*~ (stealth).
 20113 | D:10     | 20113 ||| READING scroll of brand weapon.
 20113 | D:10     | 20113 ||| BRANDING +5 war axe.
 20242 | D:10     | Paralysed by a hornet for 3 turns
 20288 | D:10     | 20288 ||| Stepping ~*~*~tactically~*~*~ (hiding).
 20289 | D:10     | 20289 ||| Stepping ~*~*~tactically~*~*~ (hiding).
 20554 | D:11     | 20554 ||| READING scroll of enchant weapon.
 20554 | D:11     | 20554 ||| ENCHANTING +5 war axe of freezing.
 20776 | D:11     | 20776 ||| Stepping ~*~*~tactically~*~*~ (stealth).
 20834 | D:11     | Reached skill level 19 in Fighting
 20839 | D:11     | 20839 ||| INVOKING Brothers in Arms.
 20845 | D:11     | 20845 ||| INVOKING Berserk.
 21003 | D:11     | Found Maewkuyj's Antique Weapon Shop.
 21012 | D:11     | 21012 ||| READING 3 scrolls of teleportation.
 21069 | D:11     | Found a runed translucent gate.
 21069 | D:11     | Found a runed translucent gate.
 21070 | D:11     | Found a runed translucent gate.
 21073 | D:11     | Noticed qw's ghost (journeyman TrCA)
 21148 | D:11     | Noticed Psyche
 21155 | D:11     | Killed Psyche
 21292 | D:11     | Noticed Harold
 21293 | D:11     | 21293 ||| Stepping ~*~*~tactically~*~*~ (hiding).
 21294 | D:11     | 21294 ||| Stepping ~*~*~tactically~*~*~ (hiding).
 21307 | D:11     | Killed Harold
 21549 | D:11     | 21549 ||| READING 3 scrolls of teleportation.
 21550 | D:11     | 21550 ||| PLANNING D
 21836 | D:12     | 21836 ||| Stepping ~*~*~tactically~*~*~ (stealth).
 21837 | D:12     | 21837 ||| Stepping ~*~*~tactically~*~*~ (stealth).
 21840 | D:12     | 21840 ||| Stepping ~*~*~tactically~*~*~ (stealth).
 21854 | D:12     | 21854 ||| Stepping ~*~*~tactically~*~*~ (stealth).
 21857 | D:12     | 21857 ||| Stepping ~*~*~tactically~*~*~ (stealth).
 21860 | D:12     | 21860 ||| Stepping ~*~*~tactically~*~*~ (stealth).
 22520 | D:12     | 22520 ||| UPGRADING to +0 kite shield of protection.
 22525 | D:12     | 22525 ||| UPGRADING to +2 kite shield of resistance.
 22618 | D:13     | 22618 ||| Stepping ~*~*~tactically~*~*~ (hiding).
 22626 | D:13     | Reached skill level 1 in Shields
 22626 | D:13     | 22626 ||| Stepping ~*~*~tactically~*~*~ (hiding).
 22635 | D:13     | Reached skill level 3 in Shields
 22643 | D:13     | 22643 ||| Stepping ~*~*~tactically~*~*~ (stealth).
 22644 | D:13     | 22644 ||| Stepping ~*~*~tactically~*~*~ (stealth).
 22655 | D:13     | Noticed Kirke
 22656 | D:13     | 22656 ||| INVOKING Trog's Hand.
 22660 | D:13     | 22660 ||| INVOKING Berserk.
 22668 | D:13     | Killed Kirke
 22688 | D:13     | 22688 ||| FLEEEEING.
 22689 | D:13     | 22689 ||| FLEEEEING.
 22698 | D:13     | 22698 ||| STAIRDANCE
 22887 | D:13     | Noticed Jorgrun
 22888 | D:13     | 22888 ||| Stepping ~*~*~tactically~*~*~ (stealth).
 22889 | D:13     | 22889 ||| Stepping ~*~*~tactically~*~*~ (stealth).
 22890 | D:13     | 22890 ||| Stepping ~*~*~tactically~*~*~ (stealth).
 22891 | D:13     | 22891 ||| INVOKING Berserk.
 22897 | D:13     | Killed Jorgrun
 22913 | D:13     | Reached skill level 6 in Shields
 22922 | D:13     | 22922 ||| INVOKING Brothers in Arms.
 22924 | D:13     | 22924 ||| SWAPPING to -2 demon whip of venom.
 22925 | D:13     | 22925 ||| SWAPPING to +6 war axe of freezing.
 23343 | D:13     | 23343 ||| DROPPING +6 ring of intelligence.
 23368 | D:14     | 23368 ||| INVOKING Trog's Hand.
 23407 | D:14     | 23407 ||| Stepping ~*~*~tactically~*~*~ (stealth).
 23433 | D:14     | 23433 ||| READING 4 scrolls of teleportation.
 23434 | D:14     | 23434 ||| FLEEEEING.
 23471 | D:14     | 23471 ||| Stepping ~*~*~tactically~*~*~ (stealth).
 23477 | D:14     | 23477 ||| Stepping ~*~*~tactically~*~*~ (hiding).
 23485 | D:14     | Reached XP level 15. HP: 152/152 MP: 14/14
 23588 | D:14     | 23588 ||| Stepping ~*~*~tactically~*~*~ (stealth).
 23590 | D:14     | 23590 ||| Stepping ~*~*~tactically~*~*~ (stealth).
 23593 | D:14     | 23593 ||| Stepping ~*~*~tactically~*~*~ (stealth).
 23597 | D:14     | 23597 ||| INVOKING Berserk.
 23778 | D:14     | 23778 ||| INVOKING Berserk.
 23943 | D:14     | 23943 ||| READING scroll of enchant weapon.
 23943 | D:14     | 23943 ||| ENCHANTING +6 war axe of freezing.
 23987 | D:14     | Reached skill level 9 in Shields
 24025 | D:14     | 24025 ||| Stepping ~*~*~tactically~*~*~ (stealth).
 24087 | D:14     | Found a gate to the Vaults.
 24670 | D:15     | Entered Level 15 of the Dungeon
 24722 | D:15     | 24722 ||| FLEEEEING.
 24723 | D:15     | 24723 ||| FLEEEEING.
 24724 | D:15     | 24724 ||| FLEEEEING.
 24725 | D:15     | 24725 ||| FLEEEEING.
 24733 | D:15     | 24733 ||| FLEEEEING.
 24734 | D:15     | 24734 ||| FLEEEEING.
 24735 | D:15     | 24735 ||| FLEEEEING.
 24736 | D:15     | 24736 ||| FLEEEEING.
 24737 | D:15     | 24737 ||| FLEEEEING.
 24739 | D:15     | 24739 ||| Stepping ~*~*~tactically~*~*~ (hiding).
 24740 | D:15     | 24740 ||| Stepping ~*~*~tactically~*~*~ (hiding).
 24741 | D:15     | 24741 ||| FLEEEEING.
 24742 | D:15     | 24742 ||| Stepping ~*~*~tactically~*~*~ (hiding).
 24744 | D:15     | 24744 ||| Stepping ~*~*~tactically~*~*~ (hiding).
 24816 | D:15     | Found a shadowy altar of Dithmenos.
 24851 | D:15     | 24851 ||| Stepping ~*~*~tactically~*~*~ (stealth).
 24937 | D:15     | 24937 ||| Stepping ~*~*~tactically~*~*~ (stealth).
 24945 | D:15     | Received a gift from Trog
 24960 | D:15     | 24960 ||| Stepping ~*~*~tactically~*~*~ (hiding).
 25007 | D:15     | 25007 ||| SWAPPING to +4 vorpal broad axe.
 25008 | D:15     | 25008 ||| DROPPING +7 war axe of freezing.
 25026 | D:15     | 25026 ||| Stepping ~*~*~tactically~*~*~ (hiding).
 25028 | D:15     | Found a staircase to the Depths.
 25029 | D:15     | 25029 ||| INVOKING Berserk.
 25334 | D:15     | Found a runed translucent gate.
 25334 | D:15     | Found a runed translucent gate.
 25334 | D:15     | Found a runed translucent gate.
 25339 | D:15     | Noticed SafestHooves's ghost (journeyman CeMo)
 25785 | D:15     | 25785 ||| READING 3 scrolls of teleportation.
 25786 | D:15     | 25786 ||| PLANNING ORC
 25986 | Orc:1    | Entered Level 1 of the Orcish Mines
 25991 | Orc:1    | Noticed Josephine
 25992 | Orc:1    | 25992 ||| Stepping ~*~*~tactically~*~*~ (hiding).
 25993 | Orc:1    | 25993 ||| Stepping ~*~*~tactically~*~*~ (stealth).
 25996 | Orc:1    | 25996 ||| INVOKING Trog's Hand.
 26000 | Orc:1    | Killed Josephine
 26002 | Orc:1    | 26002 ||| INVOKING Berserk.
 26286 | Orc:1    | 26286 ||| Stepping ~*~*~tactically~*~*~ (stealth).
 26360 | Orc:1    | 26360 ||| INVOKING Trog's Hand.
 26363 | Orc:1    | 26363 ||| INVOKING Berserk.
 26501 | Orc:1    | 26501 ||| INVOKING Berserk.
 26862 | Orc:2    | Entered Level 2 of the Orcish Mines
 26864 | Orc:2    | Noticed Azrael
 26865 | Orc:2    | 26865 ||| Stepping ~*~*~tactically~*~*~ (hiding).
 26866 | Orc:2    | 26866 ||| INVOKING Brothers in Arms.
 26868 | Orc:2    | 26868 ||| INVOKING Berserk.
 26873 | Orc:2    | Killed Azrael
 26881 | Orc:2    | 26881 ||| INVOKING Trog's Hand.
 26882 | Orc:2    | Found Halyjar's General Store.
 26891 | Orc:2    | 26891 ||| FLEEEEING.
 26892 | Orc:2    | 26892 ||| FLEEEEING.
 26893 | Orc:2    | 26893 ||| FLEEEEING.
 26894 | Orc:2    | 26894 ||| STAIRDANCE
 26998 | Orc:2    | 26998 ||| STAIRDANCE
 27000 | Orc:1    | 27000 ||| INVOKING Berserk.
 27112 | Orc:2    | 27112 ||| INVOKING Berserk.
 27220 | Orc:2    | 27220 ||| BUYING amulet "Kiuq Asch" {Reflect rF- Int+4
                  | Dex+6 Slay-3 SH+5} (499 gold).
 27220 | Orc:2    | Bought the amulet "Kiuq Asch" {Reflect rF- Int+4 Dex+6
                  | Slay-3 SH+5} for 499 gold pieces
 27220 | Orc:2    | 27220 ||| BUYING scroll of teleportation (39 gold).
 27220 | Orc:2    | Bought a scroll of teleportation for 39 gold pieces
 27278 | Orc:2    | Noticed Maurice
 27280 | Orc:2    | 27280 ||| INVOKING Berserk.
 27289 | Orc:2    | Killed Maurice
 27292 | Orc:2    | Noticed an orc warlord
 27306 | Orc:2    | 27306 ||| INVOKING Trog's Hand.
 27307 | Orc:2    | Killed an orc warlord
 27308 | Orc:2    | Reached skill level 18 in Axes
 27425 | Orc:2    | 27425 ||| INVOKING Berserk.
 27459 | Orc:2    | 27459 ||| Stepping ~*~*~tactically~*~*~ (stealth).
 27461 | Orc:2    | Found Rounkais's Jewellery Shoppe.
 27504 | Orc:2    | 27504 ||| INVOKING Berserk.
 27515 | Orc:2    | Reached skill level 12 in Shields
 27522 | Orc:2    | 27522 ||| Stepping ~*~*~tactically~*~*~ (stealth).
 27528 | Orc:2    | 27528 ||| Stepping ~*~*~tactically~*~*~ (stealth).
 27534 | Orc:2    | 27534 ||| INVOKING Trog's Hand.
 27588 | Orc:2    | 27588 ||| INVOKING Trog's Hand.
 27591 | Orc:2    | 27591 ||| INVOKING Berserk.
 27755 | Orc:2    | 27755 ||| BUYING +4 ring of evasion (432 gold).
 27755 | Orc:2    | Bought a +4 ring of evasion for 432 gold pieces
 27755 | Orc:2    | 27755 ||| BUYING ring "Rawudysoko" {rPois rN+ Dex+5} (500
                  | gold).
 27755 | Orc:2    | Bought the ring "Rawudysoko" {rPois rN+ Dex+5} for 500 gold
                  | pieces
 27798 | Orc:2    | Found a staircase to the Elven Halls.
 27916 | Orc:2    | Found Ydaiseem's Antique Armour Boutique.
 27925 | Orc:2    | 27925 ||| SHOPLISTING shiny ice dragon scales (1575 gold,
                  | have 477).
 27974 | Orc:2    | Found Loasix's Antique Weapon Boutique.
 27992 | Orc:2    | 27992 ||| Stepping ~*~*~tactically~*~*~ (stealth).
 28122 | Orc:2    | 28122 ||| Stepping ~*~*~tactically~*~*~ (stealth).
 28123 | Orc:2    | 28123 ||| Stepping ~*~*~tactically~*~*~ (stealth).
 28124 | Orc:2    | 28124 ||| Stepping ~*~*~tactically~*~*~ (stealth).
 28125 | Orc:2    | 28125 ||| Stepping ~*~*~tactically~*~*~ (hiding).
 28126 | Orc:2    | 28126 ||| Stepping ~*~*~tactically~*~*~ (stealth).
 28146 | Orc:2    | 28146 ||| Stepping ~*~*~tactically~*~*~ (hiding).
 28391 | Orc:2    | 28391 ||| INVOKING Berserk.
 28568 | Orc:2    | 28568 ||| PLANNING SNAKE:1-3
 28568 | Orc:2    | 28568 ||| DROPPING +1 plate armour of positive energy.
 28569 | Orc:2    | 28569 ||| DROPPING +0 plate armour of cold resistance.
 28570 | Orc:2    | 28570 ||| UPGRADING to +2 plate armour of cold resistance.
 28580 | Orc:2    | 28580 ||| DROPPING +4 chain mail of willpower.
 28581 | Orc:2    | 28581 ||| DROPPING ring of see invisible.
 28582 | Orc:2    | 28582 ||| UPGRADING to +4 ring of evasion.
 28584 | Orc:2    | 28584 ||| UPGRADING to ring "Rawudysoko" {rPois rN+ Dex+5}.
 28586 | Orc:2    | 28586 ||| DROPPING +6 ring of strength.
 28762 | Snake:1  | Entered Level 1 of the Snake Pit
 28826 | Snake:1  | 28826 ||| Stepping ~*~*~tactically~*~*~ (hiding).
 28827 | Snake:1  | 28827 ||| Stepping ~*~*~tactically~*~*~ (hiding).
 28829 | Snake:1  | 28829 ||| INVOKING Berserk.
 28981 | Snake:1  | 28981 ||| Stepping ~*~*~tactically~*~*~ (hiding).
 29100 | Snake:1  | Found Vuocat's General Store.
 29143 | Snake:1  | Found a runed translucent gate.
 29143 | Snake:1  | Found a runed translucent gate.
 29143 | Snake:1  | Found a runed translucent gate.
 29143 | Snake:1  | Noticed qw's ghost (adept TrCA)
 29174 | Snake:1  | 29174 ||| Stepping ~*~*~tactically~*~*~ (hiding).
 29175 | Snake:1  | 29175 ||| INVOKING Berserk.
 29315 | Snake:1  | Reached XP level 16. HP: 160/160 MP: 15/15
 29347 | Snake:1  | 29347 ||| INVOKING Berserk.
 29574 | Snake:1  | 29574 ||| Stepping ~*~*~tactically~*~*~ (hiding).
 29607 | Snake:1  | 29607 ||| Stepping ~*~*~tactically~*~*~ (hiding).
 29677 | Snake:1  | 29677 ||| Stepping ~*~*~tactically~*~*~ (hiding).
 29735 | Snake:1  | 29735 ||| DROPPING -2 demon whip of venom.
 29917 | Snake:1  | 29917 ||| Stepping ~*~*~tactically~*~*~ (hiding).
 29918 | Snake:1  | 29918 ||| Stepping ~*~*~tactically~*~*~ (hiding).
 30133 | Snake:1  | 30133 ||| READING 14 scrolls of identify.
 30133 | Snake:1  | 30133 ||| IDENTIFYING purple potion
 30241 | Snake:2  | Found Heczeuw's Magic Scroll Emporium.
 30246 | Snake:2  | Found Damewnyme's Weapon Emporium.
 30247 | Snake:2  | 30247 ||| Stepping ~*~*~tactically~*~*~ (hiding).
 30264 | Snake:2  | 30264 ||| INVOKING Berserk.
 30383 | Snake:2  | 30383 ||| BUYING scroll of teleportation (36 gold).
 30383 | Snake:2  | Bought a scroll of teleportation for 36 gold pieces
 30398 | Snake:2  | 30398 ||| Stepping ~*~*~tactically~*~*~ (hiding).
 30399 | Snake:2  | 30399 ||| Stepping ~*~*~tactically~*~*~ (hiding).
 30401 | Snake:2  | 30401 ||| Stepping ~*~*~tactically~*~*~ (hiding).
 30532 | Snake:2  | Noticed Agnes
 30533 | Snake:2  | 30533 ||| INVOKING Brothers in Arms.
 30534 | Snake:2  | Found Pimon's Jewellery Shoppe.
 30535 | Snake:2  | 30535 ||| INVOKING Berserk.
 30539 | Snake:2  | Killed Agnes
 30651 | Snake:2  | 30651 ||| SHOPLISTING amulet of the Ancients {Regen+
                  | Slay+4} (968 gold, have 759).
 30815 | Snake:2  | 30815 ||| Stepping ~*~*~tactically~*~*~ (hiding).
 30935 | Snake:2  | Found an iron altar of Okawaru.
 31072 | Snake:2  | 31072 ||| Stepping ~*~*~tactically~*~*~ (hiding).
 31623 | Snake:2  | 31623 ||| DROPPING +6 ring of dexterity.
 31683 | Snake:3  | Reached skill level 15 in Shields
 31883 | Snake:3  | 31883 ||| INVOKING Berserk.
 32080 | Snake:3  | 32080 ||| Stepping ~*~*~tactically~*~*~ (hiding).
 32106 | Snake:3  | Reached skill level 6 in Throwing
 32113 | Snake:3  | 32113 ||| INVOKING Berserk.
 32145 | Snake:3  | 32145 ||| Stepping ~*~*~tactically~*~*~ (stealth).
 32272 | Snake:3  | 32272 ||| Stepping ~*~*~tactically~*~*~ (stealth).
 32313 | Snake:3  | 32313 ||| Stepping ~*~*~tactically~*~*~ (stealth).
 32334 | Snake:3  | 32334 ||| INVOKING Berserk.
 32491 | Snake:3  | 32491 ||| INVOKING Berserk.
 32715 | Snake:3  | Identified the +0 ring mail of the Nice God {Harm Will-
                  | Dex+7 Stlth+}
 32724 | Snake:3  | Received a gift from Trog
 32783 | Snake:3  | 32783 ||| DROPPING +4 vorpal war axe.
 32968 | Snake:3  | 32968 ||| INVOKING Berserk.
 33019 | Snake:3  | 33019 ||| Stepping ~*~*~tactically~*~*~ (stealth).
 33020 | Snake:3  | 33020 ||| Stepping ~*~*~tactically~*~*~ (stealth).
 33030 | Snake:3  | 33030 ||| Stepping ~*~*~tactically~*~*~ (stealth).
 33231 | Snake:3  | 33231 ||| Stepping ~*~*~tactically~*~*~ (hiding).
 33232 | Snake:3  | 33232 ||| Stepping ~*~*~tactically~*~*~ (hiding).
 33407 | Snake:3  | 33407 ||| PLANNING SWAMP:1-3
 33566 | Swamp:1  | Entered Level 1 of the Swamp
 33574 | Swamp:1  | 33574 ||| INVOKING Berserk.
 33649 | Swamp:1  | 33649 ||| INVOKING Berserk.
 33669 | Swamp:1  | 33669 ||| INVOKING Brothers in Arms.
 33673 | Swamp:1  | 33673 ||| SWAPPING to +2 hand axe of flaming.
 33675 | Swamp:1  | 33675 ||| INVOKING Brothers in Arms.
 33675 | Swamp:1  | HP: 39/160 [will-o-the-wisp/foxfire (9)]
 33675 | Swamp:1  | HP: 16/160 [alligator[a spriggan druid] (10)]
 33676 | Swamp:1  | 33676 ||| READING 11 scrolls of teleportation.
 33676 | Swamp:1  | HP: 3/160 [will-o-the-wisp/foxfire (5)]
 33676 | Swamp:1  | Slain by a five-headed hydra

Levels and vault maps discovered:
D:1:      eino_arrival_cavern_c, layout_rooms, ebering_ecumenical_altar_box,
          nicolae_grassy_gnolls
D:2:      layout_basic, serial_glass, glass_columns_a, glass_columns_a,
          basic_altar, uniq_natasha
D:3:      layout_basic, lemuel_tele_altar, mainiacjoe_overflow_paths,
          uniq_sigmund, uniq_robin
D:4:      layout_basic, dancing_weapons_uskayaw, grunt_gozag_statues,
          marbit_many_paths, kennysheep_little_box,
          lightli_ossuary_entry_decrepit_ruins, serial_glass, glass_columns_c,
          glass_columns_a, uniq_edmund
D:5:      layout_basic, ebering_ghost_rock_garden
D:6:      mumra_celtic_spiral_tile, layout_basic, kennysheep_mini_moat,
          gammafunk_temple_overflow_claw
D:7:      layout_loops_ring, minmay_temple_entry_arrows,
          ebering_ghost_rock_garden, uniq_crazy_yiuf_cottage,
          uniq_prince_ribbit1
D:8:      layout_basic, trog_antimagical, hangedman_ru_absence,
          due_lair_maze_entry_diamond, minmay_the_grid_2x2
          [minmay_the_grid_eight, minmay_the_grid_broken_lines,
          minmay_the_grid_tree, minmay_the_grid_prize_diamond_cup]
D:9:      layout_loops_ring, minivault_11, chequers_serial_rivers_room_b,
          uniq_joseph
D:10:     layout_loops_ring
D:11:     layout_basic, ebering_ghost_rock_garden, serial_shops,
          nicolae_square_shop, uniq_harold, uniq_psyche
D:12:     layout_loops_corners
D:13:     layout_cave_pools, uniq_jorgrun, uniq_kirke
D:14:     layout_basic, ximxim_vaults_locker_room, nrook_mini_vaults,
          serial_glass, glass_columns_a, glass_columns_b
D:15:     gammafunk_enter_depths_forms, layout_irregular_city,
          gammafunk_ghost_necromancy, nicolae_dithmenos_shadow_blocks
Lair:1:   layout_gridlike, wad_woods_01, infiniplex_staircase_pool,
          grunt_megastairs_2
Lair:2:   layout_hall_layers, swamp_mist, lemuel_fruit_fields, uniq_amaemon
Lair:3:   layout_roguey, minmay_snake_entry_guardpost_small
Lair:4:   layout_cave_pods, dpeg_slime_entry_enclosed,
          portal_ice_cave_demonic_guard, grunt_forest_large_clearings
Lair:5:   evil_forest, layout_long_grid
Swamp:1:  layout_basic_swamp, hangedman_swamp_blocks, swamp_pool2
Snake:1:  layout_cave_pods, serial_shops, shop, ebering_ghost_rock_garden,
          grunt_megastairs_4
Snake:2:  layout_layer_cave, serial_shops, shop_fountains, basic_altar,
          grunt_ministairs_11, serial_bayou_shore_a, minmay_shop_star,
          uniq_agnes
Snake:3:  layout_layer_cave
Orc:1:    layout_caves, nicolae_orc_flooded_monolith, uniq_josephine
Orc:2:    grunt_orc_gardens, layout_diamond_mine, grunt_orc_garden,
          grunt_orc_garden, grunt_orc_garden, grunt_orc_garden,
          nicolae_volcano_entry_two_sided, mines1_david, uniq_azrael,
          uniq_maurice

Skill      XL: |  1  2  3  4  5  6  7  8  9 10 11 12 13 14 15 16 |
---------------+-------------------------------------------------+-----
Axes           | 4 5 6 7 8 9 10 12 14 15 16 18 | 18.0
Fighting       | 4 6 7 8 10 13 15 17 19 | 19.0
Armour         | 3 5 6 8 10 12 14 15 17 | 17.0
Throwing       | 1 2 3 4 6 |  6.0
Dodging        | 3 5 6 8 9 10 | 10.4
Shields        | 7 13 16 | 16.0

Action                   |  1- 3 |  4- 6 |  7- 9 | 10-12 | 13-15 | 16-18 || total
-------------------------+-------+-------+-------+-------+-------+-------++-------
Melee: Hand axe          |    86 |    97 |   284 |    83 |       |     1 ||   551
       Headbutt          |    13 |    14 |    43 |    73 |   191 |    82 ||   416
       Punch             |       |     1 |     5 |     3 |     8 |       ||    17
       Kick              |       |       |     8 |       |       |       ||     8
       War axe           |       |       |       |   353 |   616 |       ||   969
       Demon whip        |       |       |       |     4 |    29 |       ||    33
       Broad axe         |       |       |       |       |   239 |   350 ||   589
Throw: Boomerang         |       |    12 |    15 |    79 |   236 |    14 ||   356
Invok: Berserk           |     2 |     6 |    10 |    16 |    39 |    10 ||    83
       Brothers in Arms  |       |       |       |     4 |     8 |     3 ||    15
       Trog's Hand       |       |       |       |       |     9 |       ||     9
  Use: Scroll            |     4 |     5 |     7 |     2 |     8 |     2 ||    28
       Potion            |       |     2 |     5 |     3 |     1 |       ||    11
Armor: Animal skin       |     6 |       |       |       |       |       ||     6
       Ring mail         |    10 |     2 |       |       |       |       ||    12
       Chain mail        |       |    47 |   130 |   213 |   322 |       ||   712
       Plate armour      |       |       |       |       |     6 |   127 ||   133
Dodge: Dodged            |    38 |    37 |    74 |   193 |   333 |   100 ||   775
Block: Kite shield       |       |       |       |       |   243 |   230 ||   473

Table legend:
 A = Non-vault XP
 B = Vault XP
 C = Vault XP percentage of total XP
 D = Non-vault monster count
 E = Vault monster count
 F = Vault count percentage of total count
                 A         B        C        D         E       F
            +---------+---------+-------+---------+---------+-------
      Total |  151320 |   56628 |  27.2 |     636 |     197 |  23.6
            +---------+---------+-------+---------+---------+-------
        D:1 |      33 |      13 |  28.3 |      18 |       1 |   5.3
        D:2 |     133 |      63 |  32.1 |      30 |       9 |  23.1
        D:3 |     107 |     245 |  69.6 |      22 |       4 |  15.4
        D:4 |     327 |     160 |  32.9 |      18 |       2 |  10.0
        D:5 |     481 |       0 |   0.0 |      15 |       0 |   0.0
        D:6 |     856 |       0 |   0.0 |      19 |       0 |   0.0
        D:7 |    1674 |     274 |  14.1 |      20 |       1 |   4.8
        D:8 |    2103 |    4213 |  66.7 |      24 |      22 |  47.8
        D:9 |    2585 |     434 |  14.4 |      26 |       1 |   3.7
       D:10 |    3114 |       0 |   0.0 |      24 |       0 |   0.0
       D:11 |    4436 |    1217 |  21.5 |      12 |       2 |  14.3
       D:12 |    5345 |       0 |   0.0 |      22 |       0 |   0.0
       D:13 |    7024 |    4178 |  37.3 |      19 |       8 |  29.6
       D:14 |    8605 |    4184 |  32.7 |      22 |      11 |  33.3
       D:15 |    8068 |    6391 |  44.2 |      15 |       8 |  34.8
     Lair:1 |    5531 |    1789 |  24.4 |      29 |      10 |  25.6
     Lair:2 |    5908 |    1163 |  16.4 |      31 |       2 |   6.1
     Lair:3 |    2753 |     652 |  19.1 |      15 |       4 |  21.1
     Lair:4 |   10863 |    4486 |  29.2 |      25 |      29 |  53.7
     Lair:5 |   17930 |    9915 |  35.6 |      42 |      26 |  38.2
    Swamp:1 |    6615 |       0 |   0.0 |      14 |       0 |   0.0
    Snake:1 |    9057 |     313 |   3.3 |      19 |       2 |   9.5
    Snake:2 |    8320 |    1984 |  19.3 |      17 |       3 |  15.0
    Snake:3 |   32657 |       0 |   0.0 |      57 |       0 |   0.0
      Orc:1 |    4672 |    2532 |  35.1 |      42 |       7 |  14.3
      Orc:2 |    2123 |   12077 |  85.0 |      39 |      32 |  45.1
    Ossuary |       0 |     345 | 100.0 |       0 |      13 | 100.0
            +---------+---------+-------+---------+---------+-------
